[Event "Mongolian Championship Women 2022"]
[Site "Chingis Khentii"]
[Date "2022.05.15"]
[Round "2.4"]
[White "Anu, Bayar"]
[Black "Nomindalai Tumurbaatar"]
[Result "0-1"]
[ECO "A57"]
[WhiteElo "2102"]
[BlackElo "2111"]
[Annotator "TA"]
[PlyCount "98"]
[EventDate "2022.05.12"]
[EventType "tourn"]
[EventCountry "MGL"]
[SourceTitle "playchess.com"]
[Source "ChessBase"]
[SourceQuality "1"]
[TimeControl "40/5400+30:1800+30"]

1. d4 Nf6 2. c4 c5 3. d5 b5 4. cxb5 a6 5. Nc3 axb5 6. e4 b4 7. Nb5 d6 8. Bf4 g5 9. e5 (9. Bxg5 $15 Nxe4 10. Bf4) 9... gxf4 $17 {[%emt 0:15:53] A57: Benko/Volga Gambit.} 10. exf6 Nd7 11. fxe7 Bxe7 {[%emt 0:00:17] [#] Black is better.} 12. Nf3 $146 ({Predecessor:} 12. Nh3 O-O 13. Nxf4 Qa5 14. a4 Ne5 15. Be2 Bf5 16. b3 Rad8 17. O-O Bf6 18. Nh5 {½-½ (42) Spiegel,M (2205)-Buehring,S Germany 1992}) 12... Ba6 ({Black should try} 12... O-O $17 {...Ba6 is the strong threat.} 13. Bd3 Bf6) 13. a4 (13. Bd3 {feels hotter.} Nb6 14. a4 bxa3 15. Nxa3 c4 16. Be2) 13... bxa3 (13... O-O {with more complications.} 14. Be2 Bf6 15. Rb1 Ne5) 14. Rxa3 Bxb5 (14... O-O {looks sharper.} 15. Na7 Rxa7 16. Bxa6 Bf6) 15. Bxb5 Rxa3 16. Bxd7+ Kxd7 17. bxa3 Qa5+ 18. Nd2 $1 {[%emt 0:08:53] [#] Hoping for 0-0.} Qb5 {[%emt 0:17:26] aiming for ...Re8.} 19. Qe2 Rb8 {[%emt 0:00:41] Active counter play!} 20. Qxb5+ ({Of course not} 20. Qh5 Re8 21. Qf5+ (21. Qxf7 $2 Kd8 $19) 21... Kd8 $17) 20... Rxb5 $11 {[%emt 0:00:03][%mdl 4096] Endgame KRB-KRN} 21. Ke2 Rb2 22. Rb1 f3+ 23. gxf3 Ra2 ({Resist} 23... Rxb1 24. Nxb1 Kc7 25. f4 $16) 24. Rb7+ Kd8 {[%emt 0:00:11] And now ...Bg5 would win.} 25. Kd3 Rxa3+ 26. Rb3 Rxb3+ 27. Nxb3 {[%emt 0:00:01] KB-KN} Bh4 28. Nd2 (28. Ke3 $1 $11) 28... Kc7 ({Black should play} 28... Bxf2 $15 29. Ne4 Bg1) 29. Ke3 Bf6 30. Nc4 Bd4+ 31. Ke2 Be5 32. h3 Bf4 33. Kd3 f5 34. Kc3 Be5+ 35. Kd3 Bf4 36. Kc3 Kd7 37. Kd3 (37. Kb3 $1 $11 {remains equal.}) 37... Ke7 $17 38. Kc3 $2 {[%emt 0:00:52][%mdl 8192] White does not recover from this.} (38. Nb6 $15) 38... Kf6 $19 39. Kd3 {[%emt 0:00:39] [#]} Kg5 40. Kc3 (40. Ke2 $142 Kh4 41. Na5) 40... Kh4 41. Ne3 (41. Kd3 $19 Kxh3 42. Ke2) 41... Bxe3 {[%emt 0:01:33] Black mates.} 42. fxe3 {[%emt 0:00:01] KP-KP} Kg3 43. e4 fxe4 44. fxe4 {[%emt 0:00:08] K3P-K3P} Kf4 45. Kd3 c4+ 46. Kd4 c3 $1 47. e5 c2 48. exd6 c1=Q 49. d7 Qc7 {[%emt 0:00:06] Weighted Error Value: White=0.57/Black=0.08 (flawless)} 0-1

[Event "Mongolian Championship Women 2022"]
[Site "Chingis Khentii"]
[Date "2022.05.15"]
[Round "2.5"]
[White "Munkhzul, Davaakhuu"]
[Black "Tsetsenbileg, Munkhbayar"]
[Result "1-0"]
[ECO "B04"]
[WhiteElo "1991"]
[BlackElo "1830"]
[Annotator "TA"]
[PlyCount "79"]
[EventDate "2022.05.12"]
[EventType "tourn"]
[EventCountry "MGL"]
[SourceTitle "playchess.com"]
[Source "ChessBase"]
[SourceQuality "1"]
[TimeControl "40/5400+30:1800+30"]

1. e4 Nf6 2. e5 Nd5 3. d4 d6 4. c4 Nb6 5. Nf3 Bg4 6. Be2 g6 7. Nc3 Bg7 8. exd6 cxd6 9. Be3 O-O 10. O-O Nc6 11. b3 d5 12. c5 Nc8 13. b4 Nxb4 {[%emt 0:01:19] B04: Alekhine's Defence: 4 Nf3.} 14. Qb3 (14. Rb1 $5 Nc6 15. Rxb7 $16) 14... a5 15. a3 {[%emt 0:06:23] [#]} Na6 $146 (15... Nc6 $14) ({Predecessor:} 15... Nc6 16. Qxb7 N8a7 17. Rfd1 Rb8 18. Qa6 Bxf3 19. Bxf3 e6 20. Na4 Rb3 21. Be2 Qc7 {0-1 (29) Petr,J (2183)-Richterova,N (2186) Czech Republic 2017}) 16. Qxb7 $16 {[%emt 0:01:56] White is much more active.} Ra7 (16... Nc7 $16) 17. Qxd5 $18 ({And not} 17. Bxa6 Rxb7 18. Bxb7 Bxf3 19. gxf3 e6 20. Bxc8 Qxc8 $17) 17... Rd7 (17... Qxd5 $142 18. Nxd5 e6) 18. Qc4 Bxf3 19. Bxf3 Nb8 20. Rfd1 e6 21. Nb5 Qh4 22. Qc1 {[%emt 0:09:47] [#] And now Bg5 would win.} h6 {[%emt 0:01:15] Prevents Bg5.} 23. Bf4 Na6 24. g3 Qf6 25. Bc6 {[%emt 0:00:15] A strong pair of Bishops.} Re7 26. Bd6 {[%emt 0:01:30] Prevents e5.} Na7 27. Bxe7 Qxe7 28. Nxa7 Qxa7 29. Rb1 Rb8 30. Qc4 Nc7 31. Be4 Bf8 32. Rxb8 Qxb8 33. Rb1 Qd8 34. Rb7 Bg7 35. c6 Kh7 36. Kg2 Bf8 37. Qc3 a4 38. Qf3 Kg7 39. Bc2 Nd5 40. Qxf7+ {[%emt 0:00:00] Black did not feel at home in the position after the opening.  Weighted Error Value: White=0.16 (very precise) /Black=0.55} 1-0

[Event "Mongolian Championship Women 2022"]
[Site "Chingis Khentii"]
[Date "2022.05.15"]
[Round "2.6"]
[White "Amin-Erdene, Bayanmunkh"]
[Black "Munguntuul, Batkhuyag"]
[Result "1-0"]
[ECO "E01"]
[WhiteElo "1425"]
[BlackElo "2443"]
[Annotator "TA"]
[PlyCount "101"]
[EventDate "2022.05.12"]
[EventType "tourn"]
[EventCountry "MGL"]
[SourceTitle "playchess.com"]
[Source "ChessBase"]
[SourceQuality "1"]
[TimeControl "40/5400+30:1800+30"]

1. d4 d5 2. c4 e6 3. Nf3 c6 4. g3 Nf6 5. Bg2 Bb4+ 6. Nbd2 {[%emt 0:02:23] E01: Catalan: Early deviations.} Nbd7 7. O-O O-O 8. Qc2 {[%emt 0:02:14] White is slightly better.} b5 {[%emt 0:26:56] 8...b6 gains popularity.} 9. c5 {[%emt 0:11:24] [#]} e5 $146 (9... a5 $14) ({Predecessor:} 9... Bxd2 10. Bxd2 Re8 11. Bf4 a5 12. Rac1 Ba6 13. Bd6 b4 14. Ne5 Nxe5 15. dxe5 Nd7 {½-½ (67) Yuffa,D (2577)-Yanchenko,R (2454) St Petersburg 2019}) 10. dxe5 $18 Ng4 11. Nb3 a5 $2 (11... Ndxe5 12. Nxe5 Nxe5) 12. Ng5 (12. a3 a4 $16) 12... g6 13. e6 $1 (13. a3 a4 14. axb4 axb3 $14) 13... fxe6 14. Nxe6 Qf6 15. Nxf8 Qxf8 16. h3 Nge5 17. Be3 {[%emt 0:01:54] Threatens to win with a3.} a4 18. Nd4 {[%emt 0:01:03][%cal Od4c6] Nxc6! is the strong threat.} Bb7 19. b3 {[%emt 0:14:23] Prevents Nc4. And now a3 would win.} Nxc5 20. f4 Ned7 21. f5 Qe7 22. Bd2 axb3 23. Qc1 (23. axb3 $18 {was the only winning move.} Rxa1 24. Rxa1) 23... Bxd2 $2 (23... Qe5 $19 24. e3 Ba3) 24. Qxd2 $16 {[%emt 0:00:02][%cal Od4c6] White now steadily converts the win.} bxa2 $2 {[%emt 0:00:05][%mdl 8192] [#]} (24... Rxa2 $16 {might work better.} 25. Rxa2 bxa2) 25. Nxc6 $1 $18 {[%emt 0:01:58][%mdl 576] Remove Defender} Bxc6 (25... Qd6 26. Na5) 26. Bxd5+ Bxd5 27. Qxd5+ Kg7 28. Qxa8 {[%emt 0:02:26] Really sharp!} Qe3+ 29. Kh2 (29. Kh1 Ne4 $18) 29... Ne4 30. Rg1 ({Not} 30. f6+ Ndxf6 31. Rg1 (31. Rxa2 Qxg3+ 32. Kh1 Qxh3+ 33. Kg1 Qg4+ 34. Kh2 Qg3+ 35. Kh1 Qh4+ 36. Kg2 Qg4+ 37. Kh2 Qh4+ 38. Kg2 Qg4+ 39. Kh2 $15) (31. Qb8 Qxe2+ 32. Kh1 b4 $11) 31... Nc3 32. Rxa2 Nxa2 $18) 30... Nc3 (30... Qf2+ $2 31. Rg2 Qxf5 32. Rxa2 $18) 31. Rxa2 Nxa2 32. Qxa2 {[%emt 0:00:01][%mdl 4096] Endgame KQR-KQN} Ne5 $2 (32... Qf2+ 33. Rg2 Qxf5) 33. f6+ Kh6 $2 (33... Kxf6 34. Qa6+ Kg7 35. Qxb5 Qf2+ 36. Rg2 Qd4 37. Qb7+ Kg8 38. Qc8+ Kg7 39. Qb7+ Kg8) 34. f7 $2 (34. Rf1 {White threatens f7 and mate.} Nd7 35. Rf3) 34... Qf2+ 35. Rg2 Qf5 (35... Qxf7 36. Qxf7 Nxf7) 36. e4 (36. Qa7 $142 Nxf7 37. Rf2 Qxf2+ 38. Qxf2) 36... Qf1 (36... Qxf7 $142 37. Qxf7 Nxf7) 37. Rf2 Nf3+ 38. Rxf3 Qxf3 {[%emt 0:00:08] KQ-KQ} 39. e5 Kg7 40. e6 Qf6 {[%emt 0:00:00] Against Qb2} 41. Qe2 {[%emt 0:05:36] Threatening mate with e7.} Kf8 42. Qa2 $2 (42. h4 {Hoping for Kg2.} h5 43. Kg2) 42... Kg7 $1 {[%emt 0:01:58] [#]} 43. Kg2 $1 b4 {[%emt 0:06:06] Against Qa3} 44. Qb3 Qd4 (44... Qe5 45. g4 (45. Qxb4 Qe2+ 46. Kh1 Qf3+ 47. Kh2 Qf2+ 48. Kh1 Qf3+ 49. Kh2 Qf2+ 50. Kh1 Qf3+ $11) 45... Qc3) 45. f8=Q+ Kxf8 46. Qf3+ Kg7 47. Qf7+ Kh6 48. Qf8+ Kh5 49. e7 {[%emt 0:00:49] White mates.} Qb2+ {[%emt 0:07:14] [#]} 50. Qf2 $1 Qe5 51. Qf3+ {[%emt 0:00:14] Weighted Error Value: White=0.81/Black=0.69} 1-0

[Event "Mongolian Championship Women 2022"]
[Site "Chingis Khentii"]
[Date "2022.05.15"]
[Round "3.1"]
[White "Tsetsenbileg, Munkhbayar"]
[Black "Enkhtuul, Altan-Ulzii"]
[Result "0-1"]
[ECO "A57"]
[WhiteElo "1830"]
[BlackElo "2228"]
[Annotator "TA"]
[PlyCount "114"]
[EventDate "2022.05.12"]
[EventType "tourn"]
[EventCountry "MGL"]
[SourceTitle "playchess.com"]
[Source "ChessBase"]
[SourceQuality "1"]
[TimeControl "40/5400+30:1800+30"]

1. d4 Nf6 2. c4 c5 3. d5 b5 4. Nf3 bxc4 5. Nc3 g6 6. e4 d6 7. Bxc4 Bg7 8. O-O O-O 9. h3 Nfd7 {[%emt 0:00:20] [#] A57: Benko/Volga Gambit.} 10. Be3 $146 ({Predecessor:} 10. Bg5 h6 11. Bh4 Ba6 12. Nd2 Ne5 13. Bxa6 Nxa6 14. Qe2 Nb4 15. f4 Nd7 16. Nf3 c4 17. e5 {0-1 (29) Kamsky,G (2665)-Xiong,J (2709) Chess.com INT 2021}) 10... Ba6 11. Be2 Qb6 {[%emt 0:02:15] White has an edge.} 12. Qc2 Bxe2 13. Qxe2 Na6 14. Rac1 Rab8 15. b3 Nc7 16. Nd2 Qa6 17. Nc4 Nb6 18. Nxb6 (18. Nd2 $11) 18... Qxe2 $1 $17 19. Nxe2 Rxb6 (19... axb6 $15 20. a4 f5) 20. Rfd1 Rfb8 21. f4 Na6 22. Rc4 Rb4 23. Rdc1 {[%emt 0:00:30] [#]} (23. Rxb4 $1 $11 Rxb4 24. e5) 23... Rxc4 ({Better is} 23... Bb2 $1 $17 24. R1c2 Rxc4 25. bxc4 Bg7) 24. Rxc4 $11 Nb4 25. Bd2 (25. a3 $5 Nd3 26. b4 $11) 25... Nxa2 26. Ra4 Nb4 27. Rxa7 Bf8 28. Nc1 {[%emt 0:04:01] Against Nd3} f5 29. Bxb4 (29. Ra4 $15) 29... Rxb4 $17 30. exf5 gxf5 $15 {[%emt 0:00:13][%mdl 4096] Endgame KRB-KRN} (30... Rxf4 $17 31. fxg6 hxg6) 31. Ra4 $1 Rb7 32. Kf2 Bg7 33. Ra2 {[%emt 0:01:31] Against Bb2} Kf7 34. Ke3 Rb4 35. Ra4 $2 (35. Rd2 $17) 35... Bb2 $19 36. Ne2 Rxb3+ 37. Kd2 Bf6 38. Kc2 Rb7 39. g4 e6 $2 (39... Rb2+ $19 {has better winning chances.} 40. Kd1 Rb3) 40. g5 Bg7 ({Much weaker is} 40... exd5 41. gxf6 Kxf6 42. Ng3 $11) 41. Ng3 (41. dxe6+ $17 Kxe6 42. h4) 41... exd5 {[%emt 0:05:21] Threatens to win with ...Ke6.} 42. Nxf5 Ke6 43. Ne3 {[%emt 0:00:49] [#]} (43. Ng3) 43... Bd4 $1 44. Nf1 (44. Ra3 {is a better defense.} Bxe3 45. Rxe3+ Kf5 46. Re8 Kxf4 47. Re6) 44... Kf5 45. Ra6 Kxf4 {[%emt 0:01:28] ...Rb2+ is the strong threat.} 46. Rxd6 Ke5 47. Rd8 Rb2+ 48. Kd1 Ke4 {[%emt 0:00:36] ( -> ...Kd3)} 49. Ng3+ Kd3 50. Kc1 Ra2 51. Rb8 Rg2 52. Nf1 Rg1 53. Rf8 Ke2 54. Kc2 Rxf1 55. Re8+ Be3 {[%emt 0:00:09] Black mates.} 56. Re5 d4 57. Rxc5 Rc1+ {[%emt 0:00:08] Weighted Error Value: White=0.85/Black=0.21 (precise)} 0-1

[Event "Mongolian Championship Women 2022"]
[Site "Chingis Khentii"]
[Date "2022.05.15"]
[Round "3.2"]
[White "Munkhzul, Turmunkh"]
[Black "Altantuya, Boldbaatar"]
[Result "0-1"]
[ECO "C03"]
[WhiteElo "2294"]
[BlackElo "2263"]
[Annotator "TA"]
[PlyCount "140"]
[EventDate "2022.05.12"]
[EventType "tourn"]
[EventCountry "MGL"]
[SourceTitle "playchess.com"]
[Source "ChessBase"]
[SourceQuality "1"]
[TimeControl "40/5400+30:1800+30"]

1. e4 e6 2. d4 d5 3. Nd2 Be7 4. Bd3 Nf6 5. Ngf3 b6 6. c3 {[%emt 0:04:51] C03: French Tarrasch: Unusual Black 3rd moves.} c5 7. O-O Bb7 8. exd5 {[%emt 0:05:31] White is slightly better.} Bxd5 {[%emt 0:01:53] [#]} 9. dxc5 $146 ({Predecessor:} 9. Bb5+ Nbd7 10. c4 Bb7 11. dxc5 Bxc5 12. Nb3 O-O 13. Nxc5 Nxc5 14. b4 Qxd1 15. Rxd1 {1-0 (31) Sarkar,J (2365)-Bruned,B (2133) Chess.com INT 2021}) 9... Bxc5 10. Bb5+ Bc6 11. Bxc6+ Nxc6 12. Qa4 Qd7 13. Nb3 Be7 14. Bg5 Ne5 15. Qf4 Nxf3+ 16. Qxf3 Qd5 17. Qf4 Nh5 18. Qa4+ Qd7 ({Much worse is} 18... b5 19. Qa6 $1 Bxg5 20. Rad1 $11) 19. Qh4 {[%emt 0:04:41] aiming for Rfd1.} Nf6 $1 20. Rad1 Qb7 21. Bxf6 Bxf6 22. Qb4 {[%emt 0:00:49] Black must now prevent Qb5+.} a6 {[%emt 0:00:58] [#] Prevents Qb5+.} (22... Rc8 $11) 23. Nc5 $1 $16 Qc6 {[%emt 0:08:21] [#]} 24. Nd7 $36 {[%emt 0:00:29][%mdl 2048] Strongly threatening Rd6. White has strong initiative.} Bd8 $2 (24... Be7 $16 25. Qxb6 (25. Qd4 f6 $16) 25... Qxb6 26. Nxb6 Rb8) 25. Qg4 Bf6 26. Qb4 Bd8 $1 27. Rfe1 $2 (27. Rd6 $18 {and White stays clearly on top.} Qb7 28. Nxb6) 27... Ra7 28. Ne5 Qc5 29. Qf4 {[%emt 0:01:29][%cal Od1d8] And now Rxd8+! would win.} Qc8 30. Qa4+ (30. Rd3 $16) 30... b5 $11 31. Qd4 (31. Qe4 $5 ) 31... Rc7 32. a4 O-O 33. axb5 axb5 34. Nd7 Re8 35. Nb6 Qb8 36. Nd7 {[%emt 0:00:27] Inhibits Bf6.} Qc8 37. Re5 $2 {[%emt 0:00:22][%mdl 8192] [#]} (37. Re3 $11) 37... Be7 $1 $19 {[%emt 0:00:56] Hoping for ...Rd8.} 38. Nb6 Qa6 39. Ree1 (39. g3 {is a better defense.}) 39... Bc5 40. Qd8 (40. Qf4 $142 Qxb6 41. g3) 40... Rxd8 41. Rxd8+ Bf8 42. Nd7 Rc8 43. Rxc8 Qxc8 44. Ne5 f6 45. Nf3 Qd7 {[%emt 0:01:09] Threatens to win with ...Qd3.} 46. h3 Bc5 47. Kf1 Qd3+ 48. Re2 e5 49. Ne1 Qb1 50. Rd2 b4 51. Ke2 e4 52. g3 bxc3 53. bxc3 Qb5+ 54. Kd1 Qb3+ 55. Ke2 Qxc3 56. Rc2 Qd4 57. Kf1 Bb4 (57... e3 $142 58. fxe3 Qxe3 59. Rxc5 Qxc5 60. Ke2 Qg1 61. Nd3 Qxg3 62. Nf2 Kf7 63. Ne4 Qxh3 64. Nd6+ Ke6 65. Ne4 g5 66. Nf2 Qg2 67. Ke3 Qg3+ 68. Ke2 g4 69. Nd1 Qf3+ 70. Kd2 g3 71. Ne3 Qe4 72. Nd1 g2 73. Nb2 g1=Q 74. Nd3 Qge3+ 75. Kc3 Q3xd3+ 76. Kb2 Qg2+ 77. Kc1 Qdf1#) 58. Rc8+ Kf7 59. Nc2 Qd1+ 60. Kg2 Be1 (60... Qf3+ $142 61. Kf1 Ba5 62. Rc6 e3 63. Nxe3 Qh1+ 64. Ke2 Qxc6 65. Kd3 Qf3 66. g4 Qxf2 67. Nf5 Qf1+ 68. Ke3 Qxh3+ 69. Kf2 Qxg4 70. Ng3 Bb6+ 71. Ke1 Qxg3+ 72. Kd2 Ba5+ 73. Ke2 h5 74. Kf1 f5 75. Ke2 Qf4 76. Kd3 Qe4#) 61. Kf1 Bxf2+ 62. Kxf2 {[%emt 0:00:06] KQ-KRN} Qf3+ 63. Ke1 Qxg3+ (63... e3 $142 64. Rc7+ Ke8 65. Nxe3 Qxg3+ 66. Ke2 Qxc7 67. h4 Qh2+ 68. Kd3 Qxh4 69. Nc4 Qg3+ 70. Ke4 h5 71. Kd5 h4 72. Nd6+ Kd7 73. Nc4 h3 74. Nb6+ Ke8 75. Nc8 h2 76. Nd6+ Kf8 77. Ne4 h1=Q 78. Kd4 Qe5+ 79. Kc4 Qc1+ 80. Kb3 Qxe4 81. Ka2 Qe6#) 64. Kd2 Qxh3 65. Rc7+ Kg6 {[%emt 0:00:13] ( -> ...Qh2+)} 66. Rc3 Qg2+ 67. Ke1 h5 68. Ne3 Qg1+ 69. Nf1 h4 70. Ke2 f5 {[%emt 0:00:23] Black used his chance.  Weighted Error Value: White=0.55/Black=0.18 (very precise)} 0-1

[Event "Mongolian Championship Women 2022"]
[Site "Chingis Khentii"]
[Date "2022.05.15"]
[Round "3.3"]
[White "Khulan, Enkhsaikhan"]
[Black "Amin-Erdene, Bayanmunkh"]
[Result "1-0"]
[ECO "E60"]
[WhiteElo "2111"]
[BlackElo "1425"]
[Annotator "TA"]
[PlyCount "119"]
[EventDate "2022.05.12"]
[EventType "tourn"]
[EventCountry "MGL"]
[SourceTitle "playchess.com"]
[Source "ChessBase"]
[SourceQuality "1"]
[TimeControl "40/5400+30:1800+30"]

1. c4 Nf6 2. Nc3 g6 3. Nf3 Bg7 4. g3 O-O 5. Bg2 d6 6. O-O Nc6 7. b3 e5 8. Bb2 Re8 9. d4 Nd7 10. dxe5 Ndxe5 11. Nxe5 Nxe5 12. Qd2 Rb8 {[%emt 0:04:39] E60: King's Indian: Unusual lines and Fianchetto Variation without Nc3.} 13. Rad1 Bd7 14. Nd5 Bc6 {[%emt 0:03:59] [#] White is better.} 15. Bd4 $146 ({Predecessor:} 15. h3 Bxd5 16. cxd5 Nd7 17. Bxg7 Kxg7 18. Rc1 Nc5 19. b4 Na6 20. Rc4 {1-0 (69) Iskusnyh,S (2473)-Plotnikov,P (2297) Chess.com INT 2021}) 15... a6 16. Qc3 {[%emt 0:00:58] Threatens to win with f4.} (16. e4 {keeps more tension.} Nd7 17. Bxg7 Kxg7 18. f4) 16... Bf8 17. e4 Bxd5 18. cxd5 Rc8 ({Black should play} 18... c6) 19. f4 $16 Nd7 (19... c5 $16) 20. e5 $18 dxe5 (20... c5 $142 21. dxc6 bxc6 22. exd6 (22. Bxc6 Nb8 $17) 22... Bxd6) 21. fxe5 {[%emt 0:00:00][%cal Oe5e6] Strongly threatening e6!} c5 22. dxc6 bxc6 23. Qc4 (23. Bxc6 Nxe5 24. Bxe5 Qb6+ 25. Bd4 Qxc6 26. Qxc6 Rxc6 $11) 23... Qe7 24. Rf2 $2 (24. Qxa6 Nxe5 25. Kh1 Bg7 $14) ({Only move:} 24. Bh3 $1 $18 {[%cal Of1f7] Hoping for Rxf7!} Nc5 25. Bxc8 Rxc8 26. Bb2) 24... Nxe5 $14 25. Bxe5 ({Much worse is} 25. Qxa6 Rcd8 26. Rff1 (26. Bxc6 $2 Rd6 $19) 26... Rxd4 27. Rxd4 Qc5 $15) 25... Qxe5 26. Qxf7+ Kh8 27. Qf6+ (27. Rc2 {is interesting.} Bb4 28. Kh1 a5 29. Rxc6 Rcd8 30. Rcc1) 27... Bg7 (27... Qxf6 $11 {might be stronger.} 28. Rxf6 Re2) 28. Qxe5 Bxe5 29. Rf7 Kg8 30. Rdd7 {[%emt 0:00:00] White is more active.} Bd4+ 31. Kh1 $1 {[%emt 0:00:00] And now Bf1 would win.} Re1+ 32. Bf1 Rd8 {[%emt 0:05:42] [#] Black is now going downhill.} 33. Kg2 $1 $16 Rxd7 34. Rxd7 {[%emt 0:00:00][%mdl 4096] Endgame KRB-KRB} c5 35. Bxa6 Rb1 $2 (35... Kf8 $16 36. Rxh7 Rb1) 36. Bc4+ $18 Kf8 37. a4 ({Less strong is} 37. Rxh7 Rb2+ 38. Kf3 Rxa2 $16) 37... Rb2+ $2 (37... Bc3 {might work better.} 38. Rxh7 Ke8) 38. Kf3 Ra2 39. Rxh7 Bg1 40. h4 Bd4 41. Rf7+ Ke8 42. Ke4 Bf2 43. Kf3 (43. Rg7 $18) 43... Be1 $2 (43... Bd4 $11 44. Ra7 Bc3) 44. Kg4 Rg2 45. Rf3 {[%emt 0:00:00] Re3+ is the strong threat.} Kd7 (45... Rg1 $142 46. Bf7+ Ke7 47. Bxg6 Bd2) 46. Kh3 Rf2 47. Rd3+ Kc7 48. Rd5 Kc6 $2 (48... Rf6 49. Rxc5+ Rc6) 49. Re5 {[%emt 0:00:00] White is clearly winning.} Bc3 50. Re6+ Kd7 51. Rxg6 Rf8 52. h5 Bd2 53. Kg4 Ke7 (53... Rh8 $142 54. Kh4 Rh6 55. Rg7+ Kc8) 54. h6 Rf6 55. Rg7+ Kd6 56. h7 Rh6 57. Kf5 Rh5+ 58. Kg6 Rh6+ {[%emt 0:00:18] [#]} 59. Kf7 $1 {[%emt 0:00:00] Rg6+ would kill now.} Bc3 60. Rg6+ {[%emt 0:00:00] Weighted Error Value: White=0.27 (precise) /Black=0.68} 1-0

[Event "Mongolian Championship Women 2022"]
[Site "Chingis Khentii"]
[Date "2022.05.15"]
[Round "3.4"]
[White "Munguntuul, Batkhuyag"]
[Black "Mungunzul, Bat-Erdene"]
[Result "1/2-1/2"]
[ECO "C43"]
[WhiteElo "2443"]
[BlackElo "2091"]
[Annotator "TA"]
[PlyCount "68"]
[EventDate "2022.05.12"]
[EventType "tourn"]
[EventCountry "MGL"]
[SourceTitle "playchess.com"]
[Source "ChessBase"]
[SourceQuality "1"]
[TimeControl "40/5400+30:1800+30"]

1. e4 e5 2. Nf3 Nf6 3. d4 Nxe4 4. Bd3 d5 5. Nxe5 Nd7 6. Nxd7 Bxd7 7. O-O Bd6 8. Nc3 Nxc3 9. bxc3 O-O 10. Qh5 {[%emt 0:00:44][%csl Gd3,LRd5,LRh7][%cal Rh5h7] [#] C43: Petroff Defence: 3 d4.} f5 $1 11. Re1 c6 12. Bg5 Qc7 13. Re3 $1 {[%emt 0:11:48][%mdl 4] is more profitable than 13.c4 at the moment.} Rf7 14. Rae1 {[%emt 0:12:07] [#]} Bf8 $146 ({Predecessor:} 14... Raf8 15. Rh3 g6 16. Qh4 Re8 17. Rxe8+ Bxe8 18. Re3 Bd7 19. Bd8 Qc8 20. c4 Be6 {1-0 (31) Khubukshanov,E (2368)-Mijailovic,Z (2342) Belgrade 2021}) 15. c4 ({Much worse is} 15. Rh3 g6 16. Qd1 Qa5 $15) 15... Qa5 16. cxd5 cxd5 17. Qf3 Bb4 18. Rd1 Qxa2 19. Re5 h6 20. Bc1 {[%emt 0:05:26] The position is equal.} Rc8 21. Qxd5 (21. Bd2 {is interesting.} Bxd2 22. Rxd2 Qb2 23. Be2) 21... Qxd5 22. Rxd5 Ba4 23. Bd2 a5 24. Bxb4 ({Don't go for} 24. Bxf5 $2 {[#]} Rxf5 $1 25. Rxf5 Bxc2 26. Bxb4 axb4 $19) 24... axb4 25. Rc5 Rxc5 26. dxc5 $11 {[%emt 0:00:08][%mdl 4096] Endgame Hoping for Bc4. KRB-KRB} Rc7 27. Ra1 Bd7 28. Rb1 Rxc5 29. Rxb4 Bc6 30. f3 Kf7 31. Kf2 g5 32. h4 Kf6 33. g3 Rd5 34. hxg5+ Ke5 $2 {[%emt 0:08:49][%mdl 40960] Weighted Error Value: White=0.05 (flawless) /Black=0.05 (flawless) . An unexpected result.} (34... hxg5 $11 35. f4 Rd8) 1/2-1/2

[Event "Mongolian Championship Women 2022"]
[Site "Chingis Khentii"]
[Date "2022.05.15"]
[Round "3.5"]
[White "Bayarmaa, Bayarjargal"]
[Black "Anu, Bayar"]
[Result "1-0"]
[ECO "D20"]
[WhiteElo "2124"]
[BlackElo "2102"]
[Annotator "TA"]
[PlyCount "69"]
[EventDate "2022.05.12"]
[EventType "tourn"]
[EventCountry "MGL"]
[SourceTitle "playchess.com"]
[Source "ChessBase"]
[SourceQuality "1"]
[TimeControl "40/5400+30:1800+30"]

1. d4 d5 2. c4 dxc4 3. Nc3 e5 4. d5 Nf6 5. e4 a6 ({Black should try} 5... b5 $15) 6. Bxc4 $11 {[%emt 0:03:36] D20: Queen's Gambit Accepted: 3 e3 and 3 e4.} Bc5 (6... b5 $5 7. Bd3 Nbd7 $11) 7. Nf3 Bg4 {[%emt 0:06:14] [#]} 8. Be2 $146 {[%emt 0:04:08] White is slightly better.} ({Predecessor:} 8. Qd3 Qd6 9. h3 Bh5 10. O-O O-O 11. Ne2 Bg6 12. Ng3 Nh5 13. Nxh5 Bxh5 14. a3 {1-0 (53) Botlhole,K (1762)-Jorge,R (1693) Tromsoe 2014}) 8... Nbd7 9. Nh4 Nxe4 $2 10. Nxe4 $18 Bb4+ {[%emt 0:31:03] [#]} 11. Kf1 $1 Bxe2+ 12. Qxe2 Qxh4 (12... g6 13. Nf3 h6) 13. Bg5 Qxg5 14. Nxg5 O-O 15. Qe4 {[%emt 0:00:14][%csl Gg5,LRb4,LRh7][%cal Re4h7] [#]} f5 16. Qxb4 h6 17. Ne6 Rf7 18. Nxc7 Rb8 19. d6 e4 20. Rc1 Ne5 21. Qb3 Nd3 22. Rc3 g5 23. Rxd3 exd3 24. Qxd3 {[%emt 0:00:05] h4 is the strong threat.} Rd8 25. Qd5 {[%emt 0:00:30] Ne6 would kill now.} Rdd7 26. g3 {[%emt 0:00:22] White mates.} Kh7 27. Kg2 Rf6 28. Re1 Rdxd6 29. Re7+ Kg6 30. Qg8+ Kh5 31. Qe8+ Rg6 32. Re6 Rdxe6 33. Nxe6 f4 34. Ng7+ Kg4 35. f3# {[%emt 0:00:08] Black did not feel at home in the position after the opening.  Weighted Error Value: White=0.05 (flawless) /Black=1.19} 1-0